 Dungeon Crawl Stone Soup version 0.32-a0-485-g70f7560b1c (console) character file.

Game seed: 706081435736855102

1898673 elliptic the Conqueror (level 27, 273/273 HPs)
             Began as a Coglin Chaos Knight on Feb 26, 2024.
             Was an Initiate of Gozag.
             Escaped with the Orb
             ... and 3 runes on Feb 27, 2024!
             The game lasted 03:06:35 (53081 turns).

elliptic the Conqueror (Coglin Chaos Knight)       Turns: 53081, Time: 03:06:36

Health: 273/273    AC: 49    Str: 18    XL:     27
Magic:  23/23      EV: 21    Int: 15    God:    Gozag
Gold:   2636       SH:  5    Dex: 25    Spells: 24/26 levels left

rFire   + + .        a - +7 demon blade (vamp) {Aiguo}
rCold   + + +        b - +9 demon blade (vamp) {Shatu-murrim}
rNeg    . . .        F - +12 plate armour of the Dwarven Hall {Fly rPois rC+}
rPois   +            y - +2 helmet {Int+3}
rElec   +            Q - +2 cloak
rCorr   +            X - +2 pair of gloves {Str+3}
SInv    .            Z - +3 pair of mountain boots {steadfast, rC+}
Will    ++...        m - amulet of Ficker {Reflect rPois Regen+ Str-4 Dex+2 SH+5} Stlth
                     (ring unavailable)
HPRegen 1.45/turn    (ring unavailable)
MPRegen 0.18/turn

%: reflection
@: mighty, resistant, flying, hasted, studying 2 skills, bribing [the Dungeon,
the Realm of Zot, the Depths], very quick
A: cold resistance 1, fire resistance 1, off-hand wielding, slow wielding,
warmup strikes, no rings, mutation resistance 1, robust 1, strong 1, wild magic
1
0: Orb of Zot
}: 3/15 runes: decaying, silver, gossamer
a: Renounce Religion, Potion Petition, Call Merchant, Bribe Branch


You escaped.
You worshipped Gozag.
Gozag was most pleased with you.
You visited 10 branches of the dungeon, and saw 50 of its levels.
You visited the Abyss 1 time.
You also visited: Ossuary, Gauntlet, Ice Cave, Wizlab and Desolation.

You collected 33087 gold pieces.
You spent 4791 gold pieces at shops.
You paid 25660 gold pieces to Gozag.


Innate Abilities, Weirdness & Mutations

Your flesh is cold resistant. (rC+)
Your flesh is heat resistant. (rF+)
You can wield a second weapon in your off-hand.
It takes a long time for you to wield or remove held weapons.
Your first few attacks do less damage.
Your grasper-arms cannot wear rings.
You are somewhat resistant to further mutation.
You are robust. (+10% HP)
Your muscles are strong. (Str +4, Int/Dex -1)
Your spells are a little harder to cast, but a little more powerful.


   Skills:
 O Level 27 Fighting
 - Level 22.4 Long Blades
 + Level 22.1 Armour
 + Level 22.6 Dodging
 - Level 12.0 Evocations


You had 24 spell levels left.
You knew the following spells:

 Your Spells              Type           Power      Damage    Failure   Level
v - Blink                 Tloc           0%         N/A       98%         2

Your spell library contained the following spells:

 Spells                   Type           Power      Damage    Failure   Level
 Foxfire                  Conj/Fire      0%         2x1d4     94%         1
 Freeze                   Ice            0%         1d3       94%         1
 Kiss of Death            Conj/Necr      0%         2d5       94%         1
 Magic Dart               Conj           0%         1d3       94%         1
 Necrotise                Necr           0%         1d4       94%         1
 Ensorcelled Hibernation  Hex/Ice        0%         N/A       98%         2
 Jinxbite                 Hex            0%         N/A       98%         2
 Lesser Beckoning         Tloc           0%         N/A       98%         2
 Mercury Vapours          Alch/Air       0%         N/A       98%         2
 Momentum Strike          Conj/Tloc      0%         3d8       98%         2
 Searing Ray              Conj           0%         2d4       98%         2
 Static Discharge         Conj/Air       0%         3-3/arc   98%         2
 Call Canine Familiar     Summ           0%         N/A       100%        3
 Confusing Touch          Hex            0%         N/A       100%        3
 Frozen Ramparts          Ice            0%         1d1       100%        3
 Gell's Gravitas          Tloc           0%         N/A       100%        3
 Hailstorm                Conj/Ice       0%         3d5       100%        3
 Inner Flame              Hex/Fire       0%         N/A       100%        3
 Ozocubu's Armour         Ice            0%         N/A       100%        3
 Passwall                 Erth           0%         N/A       100%        3
 Sigil of Binding         Hex            0%         N/A       100%        3
 Summon Ice Beast         Ice/Summ       0%         N/A       100%        3
 Swiftness                Air            0%         N/A       100%        3
 Teleport Other           Tloc           0%         N/A       100%        3
 Vampiric Draining        Necr           0%         2d6       100%        3
 Airstrike                Air            0%         2d(0-16)  100%        4
 Anguish                  Hex/Necr       0%         N/A       100%        4
 Brom's Barrelling Bould  Conj/Erth      0%         2d3       100%        4
 Cause Fear               Hex            0%         N/A       100%        4
 Dimensional Bullseye     Hex/Tloc       0%         N/A       100%        4
 Dispel Undead            Necr           0%         3d6       100%        4
 Flame Wave               Conj/Fire      0%         2d4       100%        4
 Fulminant Prism          Conj/Alch      0%         3d5       100%        4
 Ignite Poison            Fire/Alch      0%         N/A       100%        4
 Leda's Liquefaction      Alch/Erth      0%         N/A       100%        4
 Martyr's Knell           Necr/Summ      0%         N/A       100%        4
 Petrify                  Alch/Erth      0%         N/A       100%        4
 Sticky Flame             Fire/Alch      0%         2d4       100%        4
 Summon Lightning Spire   Summ/Air       0%         N/A       100%        4
 Alistair's Intoxication  Alch           0%         N/A       100%        5
 Borgnjor's Vile Clutch   Necr/Erth      0%         N/A       100%        5
 Curse of Agony           Necr           0%         N/A       100%        5
 Fireball                 Conj/Fire      0%         3d3       100%        5
 Freezing Cloud           Conj/Ice/Air   0%         6-21      100%        5
 Irradiate                Conj/Alch      0%         3d11      100%        5
 Iskenderun's Battlesphe  Conj           0%         2d6       100%        5
 Metabolic Englaciation   Hex/Ice        0%         N/A       100%        5
 Yara's Violent Unravell  Hex/Alch       0%         3d3       100%        5
 Conjure Ball Lightning   Conj/Air       0%         3x3d6     100%        6
 Death Channel            Necr           0%         N/A       100%        6
 Dispersal                Tloc           0%         N/A       100%        6
 Eringya's Noxious Bog    Alch           0%         4d6       100%        6
 Plasma Beam              Fire/Air       0%         2x1d10    100%        6
 Sculpt Simulacrum        Ice/Alch       0%         N/A       100%        6
 Starburst                Conj/Fire      0%         6d3       100%        6
 Enfeeble                 Hex            0%         N/A       100%        7
 Malign Gateway           Summ/Tloc      0%         N/A       100%        7
 Orb of Destruction       Conj           0%         9d5       100%        7
 Ozocubu's Refrigeration  Ice            0%         4d7       100%        7
 Borgnjor's Revivificati  Necr           0%         N/A       100%        8
 Ignition                 Fire           0%         3d3       100%        8
 Summon Horrible Things   Summ           0%         N/A       100%        8
 Death's Door             Necr           0%         N/A       100%        9
 Dragon's Call            Summ           0%         N/A       100%        9
 Polar Vortex             Ice            0%         N/A       100%        9
 Animate Dead             Necr           Unusable   N/A       N/A         4

Inventory:

Hand Weapons
 a - a +7 vampiric demon blade (weapon) {Aiguo}
 b - a +9 vampiric demon blade (offhand) {Shatu-murrim}
Missiles
 l - 12 curare-tipped darts (quivered)
 v - 13 throwing nets
Armour
 j - +0 gold dragon scales
 y - a +2 helmet of intelligence (worn)
 B - a scarf of resistance
 F - the +12 plate armour of the Dwarven Hall (worn) {Fly rPois rC+}
   (You found it in the Desolation of Salt)

   rC+:       It protects you from cold.
   rPois:     It protects you from poison Fly: It grants you flight.
 H - a +2 hat
 I - the +1 helmet "Vuelain" {+Blink rN+++ Will-}
   (You found it in a Gauntlet)

   rN+++:     It renders you almost immune to negative energy.
   Will-:     It decreases your willpower.
   +Blink:    It lets you blink.
 Q - a +2 cloak (worn)
 X - a +2 pair of gloves of strength (worn)
 Z - the +3 pair of mountain boots (worn) {steadfast, rC+}
   (You found it in the Desolation of Salt)

   Steadfast: It prevents involuntary movement, except for blinking,
   teleportation, or banishment.
   rC+:       It protects you from cold.
Jewellery
 m - the amulet of Ficker (around neck) {Reflect rPois Regen+ Str-4 Dex+2 SH+5}
   (You acquired it on level 2 of the Dungeon)

   [amulet of reflection]

   Reflect:   It reflects blocked missile attacks.
   Str-4:     It affects your strength (-4).
   Dex+2:     It affects your dexterity (+2).
   rPois:     It protects you from poison Regen+: It increases your rate of
   health regeneration.
   SH+5:      It affects your SH (+5).
Wands
 A - a wand of paralysis (26)
 C - a wand of mindburst (6)
 N - a wand of digging (25)
 O - a wand of light (26)
 T - a wand of roots (20)
Scrolls
 c - 2 scrolls of butterflies
 e - 13 scrolls of teleportation
 g - 2 scrolls of silence {!r}
 h - 6 scrolls of blinking
 k - 7 scrolls of fear
 p - 10 scrolls of vulnerability
 w - 9 scrolls of revelation
 z - 3 scrolls of brand weapon
 J - 12 scrolls of poison
 M - 3 scrolls of enchant armour
 P - 9 scrolls of fog
Potions
 d - 17 potions of curing
 f - 11 potions of mutation {!q}
 o - 6 potions of resistance
 q - 15 potions of heal wounds
 s - 6 potions of ambrosia
 t - 3 potions of cancellation
 u - 3 potions of invisibility
 x - 6 potions of might
 E - 13 potions of brilliance
 G - a potion of haste
 L - 9 potions of magic
 R - a potion of enlightenment
 W - 7 potions of attraction
 Y - 4 potions of berserk rage {!q}
Miscellaneous
 i - a condenser vane
 K - a phial of floods
 S - a lightning rod (4/4)
 U - a phantom mirror


Message History

There is a stone staircase leading up here.
You fly upwards.
You feel a little less mighty now.
You start to feel less resistant.
There is a stone staircase leading down here.
Your resistance to elements expires.
There is a stone staircase leading up here.
Okay, then. [a] - 374 gold - lignification, might and resistance [b] - 600 gold - haste, brilliance and resistance [c] - 720 gold - resistance, might and haste Purchase which effect?
You no longer have enough gold to bribe branches to halt enemies' attacks and recruit allies.
You feel protected.
You feel very mighty all of a sudden.
You feel yourself speed up.
You fly upwards.
There is a stone staircase leading down here.
You see here a +0 pair of gloves.
Okay, then.
Press: ? - help, v - describe, . - travel A metal wall.
This square is covered in magical glow.
Unknown command.
Okay, then.
Unknown command.
Aiming: Dig
Press: ? - help, Shift-Dir - straight line, f - you Please select a direction to dig.
This square is covered in magical glow.
The rock shatters into small pieces.
Aiming: Dig
Press: ? - help, Shift-Dir - straight line, f - you Please select a direction to dig.
This square is covered in magical glow.
The rock shatters into small pieces.
There is a large open door here.
There is a large open door here.
You see here a rat skeleton.
There is a large open door here.
There is a staircase leading out of the dungeon here.
You have escaped!

###########################
..................[....>..#
##...##############.###.###
.........# #@.### #.#
.........# ###''### #.#
.........# #......# #.#
.........# #.¤¤¤¤.# #.#
.........# #.~~¤~.# #.#
.........#####.¤¤...###.###
######..%....###%%###.....##
## #.####...##..##.......#
.#####......#.##''##.......#


There were no monsters in sight!

Vanquished Creatures
  2 dread liches
  An ancient lich (Vaults:5)
  Mara (Spider:4)
  A royal mummy (Depths:2)
  Xtahua (Depths:3)
  Sojobo (Crypt:1)
  Saint Roka (Crypt:2)
  Margery (Vaults:5)
  Bai Suzhen (Spider:4)
  3 caustic shrikes (Depths:4)
  Nikola (Spider:2)
  the Enchantress (D:15)
  4 bone dragons
  Arachne (Spider:2)
  A profane servitor (Crypt:3)
  7 golden dragons
  Jory (Depths:3)
  2 Brimstone Fiends
  2 doom hounds (Depths:3)
  2 Tzitzimimeh
  Zenata (Crypt:1)
  7 tentacled monstrosities
  A Hell Sentinel (Abyss:3)
  2 hellephants
  Jorgrun (D:13)
  An Orb Guardian (D:6)
  A walking earthen tome (Depths:1)
  Rupert (Spider:1)
  2 liches
  Grunn (Depths:3)
  2 quicksilver dragons
  A deep elf blademaster (Elf:2)
  2 titans (Vaults:5)
  An Executioner (D:14)
  Asterion (Spider:1)
  2 ancient champions
  4 sphinxes
  Kirke (D:12)
  A death cob (Zot:3)
  2 shadow dragons (Vaults:5)
  2 thorn hunters
  An azure jelly (Swamp:4)
  2 storm dragons (Vaults:5)
  Donald (Spider:4)
  2 nagarajas (WizLab)
  4 tengu reavers
  A draconian monk (Depths:4)
  The ghost of Rualuul the Phalangite, an adept MfBe of Trog (Swamp:1)
  A revenant (Crypt:3)
  5 fire giants
  2 deep elf sorcerers
  4 emperor scorpions (Spider:4)
  10 frost giants
  3 imperial myrmidons (Desolation)
  4 ghost moths
  An iron dragon (Depths:1)
  2 balrugs
  15 vault wardens
  Louise (Elf:2)
  2 orc warlords
  A spectral caustic shrike (Depths:2)
  4 reapers
  28 ironbound preservers
  A spectral juggernaut (Crypt:3)
  4 demonspawn corrupters
  A cacodemon (D:8)
  5 spriggan defenders
  12 ghouls
  2 broodmothers (Spider:4)
  2 caustic shrike skeletons (Depths:2)
  21 very ugly things
  13 ironbound thunderhulks
  4 formless jellyfish
  14 stone giants
  2 deep elf demonologists
  10 dire elephants
  7 vampire knights
  Nessos (D:13)
  3 war gargoyles
  6 deep elf death magi
  2 black draconians (Depths:4)
  2 putrid mouths (Depths:3)
  6 eleionomae
  6 deep elf annihilators
  A minotaur (Gauntlet)
  2 bunyips
  13 spark wasps
  5 yellow draconians (Depths:4)
  Azrael (Spider:1)
  2 eidola
  Snorg (D:9)
  12 fire dragons
  A merfolk javelineer (WizLab)
  3 crystal guardians (Desolation)
  A spectral quicksilver dragon (Depths:2)
  An elf zombie (Crypt:2)
  16 ettins
  An entropy weaver (Spider:3)
  12 ragged hierophants (Desolation)
  Josephine (D:13)
  6 deep elf high priests
  5 great orbs of eyes
  8 ice dragons
  17 yaktaur captains
  3 mummy priests (Depths:2)
  24 jiangshi
  3 spectral shadow dragons (Depths:2)
  2 spectral golden dragons (Depths:2)
  22 hydras
  29 vault guards
  2 hell beasts
  3 spectral spriggans (Depths:2)
  8 servants of whispers (Desolation)
  12 peacekeepers
  9 spriggan air magi
  3 ghost crabs
  14 ironbound frosthearts
  2 spriggan zombies (Crypt:2)
  2 ogre magi (D:15)
  A juggernaut simulacrum (Crypt:3)
  An anaconda (WizLab)
  A two-headed ogre (shapeshifter) (Vaults:4)
  14 centaur warriors
  A spectral frost giant (Depths:2)
  A spectral stone giant (Depths:2)
  21 dancing weapons
  7 alligators
  3 boulder beetles
  10 deep troll earth magi
  2 spectral fire giants (Depths:2)
  4 vampire magi (Crypt:1)
  2 catoblepae
  12 tengu warriors
  A merfolk aquamancer (WizLab)
  6 deep troll shamans
  Urug (Orc:1)
  6 death knights
  A spectral naga (Crypt:3)
  8 two-headed ogres
  18 death yaks
  7 occultists
  6 orc high priests
  8 demonic crawlers
  2 sun demons (Depths:2)
  2 thrashing horrors (Abyss:3)
  7 spriggan berserkers
  A shock serpent (shapeshifter) (Vaults:5)
  18 hell knights
  2 storm dragon zombies (Crypt:2)
  19 deep elf knights
  A titan skeleton (Depths:2)
  21 spriggans
  19 skeletal warriors
  10 iron trolls
  5 goliath frogs
  A spectral spark wasp (Depths:1)
  A fire crab (shapeshifter) (D:14)
  A sixfirhy (D:8)
  2 shadow wraiths (Crypt:3)
  2 skysharks
  A salamander mystic (Depths:3)
  2 shadow demons
  69 deep trolls
  A mana viper (shapeshifter) (Depths:1)
  19 orb spiders
  11 spriggan druids
  5 deep elf archers (Elf:1)
  A pharaoh ant (Spider:4)
  7 arcanists
  11 flayed ghosts
  9 bog bodies
  2 spectral iron dragons (Depths:2)
  2 obsidian statues
  4 glowing orange brains
  12 lindwurms
  11 necromancers
  9 orc knights
  Pikel (D:4)
  A lindwurm (shapeshifter) (D:14)
  8 steelbarb worms
  17 phantasmal warriors
  24 ironbound convokers
  22 deep elf pyromancers
  5 swamp dragons
  A harpy (shapeshifter) (Elf:2)
  4 harpies
  7 orc sorcerers
  15 wolf spiders
  A glowing shapeshifter (Vaults:5)
  7 large abominations
  27 deep elf zephyrmancers
  5 cyclopes
  A fire giant zombie (Crypt:2)
  A faun (shapeshifter) (Vaults:5)
  3 will-o-the-wisps
  21 ugly things
  3 worldbinders (WizLab)
  4 salamanders (Depths:4)
  An iron dragon skeleton (Depths:2)
  A salamander (shapeshifter) (Vaults:5)
  11 elephants
  11 manticores
  6 moths of wrath
  4 guardian serpents
  A frost giant skeleton (Crypt:2)
  2 molten gargoyles (Desolation)
  A dire elephant zombie (Crypt:2)
  6 black mambas (Lair:5)
  8 torpor snails
  6 meliai
  2 kobold blastminers
  A storm dragon simulacrum (Depths:2)
  An eye of devastation (Lair:4)
  An ice statue (IceCv)
  18 cane toads
  A smoke demon (Depths:2)
  17 vault sentinels
  2 orange demons
  A gargoyle (D:13)
  A cane toad (shapeshifter) (D:14)
  An unseen horror (D:11)
  7 rime drakes
  A purple draconian zombie (Crypt:1)
  The ghost of TheLasagnaBaron the Trooper, an amateur OnBe of Trog (D:4)
  2 efreet
  A komodo dragon (shapeshifter) (D:15)
  4 tengu conjurers
  9 ice devils (IceCv)
  22 yaktaurs
  2 anaconda simulacra (IceCv)
  25 freezing wraiths
  12 komodo dragons
  A spectral glowing shapeshifter (Depths:2)
  A hydra zombie (Crypt:1)
  A queen bee (D:15)
  7 guardian mummies (Depths:2)
  2 hellwings
  15 tarantellas
  6 tyrant leeches
  3 trolls
  14 blink frogs
  Grinder (D:3)
  A death drake skeleton (Crypt:2)
  65 saltlings (Desolation)
  3 dream sheep (D:10)
  A raiju (Abyss:3)
  A harpy skeleton (Crypt:2)
  A fire giant simulacrum (Depths:2)
  7 polar bears
  2 ettin zombies (Crypt:2)
  A glass eye (shapeshifter) (Vaults:5)
  A glass eye (Lair:4)
  19 hornets
  A vampire (D:14)
  27 slime creatures
  A centaur simulacrum (D:14)
  16 culicivoras
  An ettin skeleton (Crypt:3)
  2 dire elephant simulacra (IceCv)
  A spriggan (shapeshifter) (D:15)
  36 yaks
  A spriggan skeleton (Depths:2)
  3 air elementals
  5 water elementals
  A fire dragon skeleton (Crypt:2)
  6 shadows
  19 jumping spiders
  3 hogs (D:12)
  22 wraiths
  16 wyverns
  6 fire elementals
  4 basilisks
  3 wargs
  7 vampire mosquitoes
  5 fire bats
  A golden eye (Abyss:3)
  51 redbacks
  3 death yak simulacra (IceCv)
  4 steam dragons
  3 swamp worm simulacra (Swamp:4)
  14 swamp worms
  2 harpy simulacra (IceCv)
  4 acid dragons
  21 water moccasins
  4 hell hounds
  20 hydra simulacra
  A glowing shapeshifter skeleton (Depths:2)
  4 ice beasts
  2 swamp drakes
  2 sky beasts
  3 black bears
  26 laughing skulls
  An elephant zombie (Crypt:2)
  32 orc warriors
  13 centaurs
  8 boggarts
  12 ogres
  5 wolves
  2 lemures (D:4)
  A draconian zombie (Crypt:1)
  7 kobold brigands
  2 weeping skulls (Crypt:3)
  A gnoll sergeant (D:5)
  A komodo dragon skeleton (Crypt:2)
  12 bullfrogs
  6 cane toad simulacra (IceCv)
  2 earth elementals
  2 water moccasin zombies (Ossuary)
  5 small abominations
  2 two-headed ogre simulacra (IceCv)
  A scorpion (D:4)
  5 burial acolytes
  A warg skeleton (Crypt:1)
  5 wights (D:9)
  An elephant simulacrum (IceCv)
  19 killer bees
  4 howler monkeys
  4 electric eels
  6 hounds
  2 jellies
  A gnoll bouda (D:3)
  21 orc priests
  Crazy Yiuf (D:3)
  A centaur skeleton (Crypt:2)
  A sleepcap (D:6)
  6 iguanas
  An iron imp (Abyss:3)
  Jessica (D:3)
  Natasha (thrice) (D:3)
  20 orc wizards
  5 polar bear simulacra (IceCv)
  A spriggan simulacrum (IceCv)
  A troll simulacrum (IceCv)
  5 wolf simulacra (IceCv)
  3 crocodile zombies (Ossuary)
  A deep dwarf skeleton (Crypt:2)
  An ogre skeleton (Crypt:1)
  2 mummies (Ossuary)
  Robin (D:3)
  10 adders
  20 gnolls
  A shadow imp (Abyss:3)
  5 white imps
  3 ufetubi
  5 swamp drake simulacra (Swamp:4)
  An adder skeleton (Crypt:2)
  3 dart slugs
  8 ribbon worms
  67 orcs
  14 ball pythons
  7 bats
  7 endoplasms
  3 giant cockroaches
  18 gnoll zombies (Ossuary)
  12 goblins
  12 hobgoblins
  22 jackals
  3 quokkas
  A frilled lizard (D:2)
  5 jackal zombies (Ossuary)
  25 kobolds
  An orc skeleton (Crypt:1)
  4 orc zombies (Ossuary)
  5 rats
  2 river rat skeletons (Crypt:1)
2344 creatures vanquished.

Vanquished Creatures (collateral kills)
  A curse toe (Zot:3)
  2 golden dragons (Zot:5)
  2 electric golems (Zot:5)
  2 tentacled monstrosities (Zot:5)
  5 Orb Guardians (Zot:5)
  A storm dragon (Zot:5)
  A shadow dragon (Zot:5)
  2 protean progenitors (Zot:5)
  2 dancing weapons (Elf:2)
  2 ugly things (Zot:5)
  3 cyclopes (Zot:5)
  3 moths of wrath
  A yak (Lair:3)
  A bullfrog (Lair:3)
  An orc (Orc:2)
29 creatures vanquished.

Vanquished Creatures (others)
  A Killer Klown (Zot:5)
  A tentacled monstrosity (Zot:5)
  3 Orb Guardians (Zot:5)
  A storm dragon (Zot:5)
  A death cob (Zot:5)
  A draconian knight (Depths:4)
  A draconian annihilator (Zot:3)
  A green draconian (Zot:3)
  A red draconian (Zot:5)
  A death yak (Lair:3)
  A deep troll shaman (Depths:4)
  A human (D:12)
  2 boggarts
  An orc (D:3)
  9 foxfires
26 creatures vanquished.

Grand Total: 2399 creatures vanquished

Notes
Turn   | Place    | Note
-------+----------+-------------------------------------------
     0 | D:1      | elliptic the Coglin Chaos Knight began the quest for the
                  | Orb.
     0 | D:1      | Reached XP level 1. HP: 18/18 MP: 1/1
    41 | D:1      | XOM: potion effect (haste)
    80 | D:1      | Reached XP level 2. HP: 24/24 MP: 2/2
   221 | D:1      | XOM: potion effect (brilliance)
   296 | D:1      | Reached XP level 3. HP: 29/29 MP: 3/3
   387 | D:1      | hm
   936 | D:2      | XOM: silly message
   942 | D:2      | XOM: cloud trail
  1004 | D:2      | Acquired the amulet of Ficker {Reflect rPois Regen+ Str-4
                  | Dex+2 SH+5}
  1006 | D:2      | Acquired 793 gold pieces
  1165 | D:2      | XOM: noise
  1230 | D:2      | Found a sparkling altar of Nemelex Xobeh.
  1347 | D:2      | Reached XP level 4. HP: 32/35 MP: 4/4
  1440 | D:2      | an adder changed into a wyvern
  1440 | D:2      | Noticed a wyvern
  1440 | D:2      | XOM: polymorph adder -> wyvern
  1441 | D:2      | why
  1541 | D:2      | Reached XP level 5. HP: 41/41 MP: 5/5
  1724 | D:3      | Noticed Grinder
  1724 | D:3      | Found a faded altar of an unknown god.
  1725 | D:3      | hi
  1778 | D:3      | why
  1779 | D:3      | Noticed Jessica
  1785 | D:2      | hm
  1837 | D:3      | um
  1837 | D:3      | sigh
  1839 | D:3      | Killed Grinder
  1840 | D:3      | Reached XP level 6. HP: 47/47 MP: 6/6
  1963 | D:3      | Noticed Robin
  1977 | D:3      | Killed Robin
  1995 | D:3      | XOM: divination: detect creatures
  2129 | D:3      | XOM: noise
  2241 | D:3      | Found a runed translucent door.
  2242 | D:3      | Noticed Crazy Yiuf
  2326 | D:3      | Found a basalt altar of Yredelemnul.
  2327 | D:3      | Found an opulent altar of Gozag.
  2328 | D:3      | Found a radiant altar of Vehumet.
  2387 | D:3      | Reached XP level 7. HP: 53/53 MP: 7/7
  2475 | D:3      | Reached skill level 4 in Fighting
  2539 | D:3      | Noticed Natasha
  2547 | D:3      | Reached skill level 1 in Dodging
  2696 | D:3      | Found Juguicw's General Store.
  2706 | D:3      | Bought a scroll of blinking for 90 gold pieces
  2706 | D:3      | Bought a potion of cancellation for 96 gold pieces
  2735 | D:3      | Killed Jessica
  2812 | D:3      | maybe gozag actually, have that gold acq
  2853 | D:3      | Fell from the grace of Xom
  2853 | D:3      | Became a worshipper of Gozag Ym Sagoz the Greedy
  3280 | D:3      | Killed Natasha
  3319 | D:3      | Reached XP level 8. HP: 60/60 MP: 8/8
  3450 | D:3      | hm
  3497 | D:3      | Noticed Natasha
  3507 | D:3      | Killed Natasha
  3508 | D:3      | Reached skill level 9 in Long Blades
  3713 | D:3      | Noticed Natasha
  3732 | D:3      | Killed Natasha
  3796 | D:4      | Found a runed translucent door.
  3797 | D:4      | Noticed TheLasagnaBaron's ghost (amateur OnBe)
  3847 | D:4      | Reached skill level 5 in Fighting
  3867 | D:4      | Noticed Pikel
  3895 | D:4      | Killed Pikel
  4168 | D:4      | Found an ancient bone altar of Kikubaaqudgha.
  4343 | D:5      | Entered Level 5 of the Dungeon
  4370 | D:5      | Reached XP level 9. HP: 68/68 MP: 9/9
  4489 | D:5      | XOM: stat loss: -3 Int (8/11)
  4534 | D:5      | XOM: torment (35/68 hp)
  4615 | D:5      | Found a runed translucent door.
  4617 | D:5      | Found an iron altar of Okawaru.
  4622 | D:5      | Found the +0 toga "Victory" {*Victory Clar}
  4637 | D:5      | well
  4779 | D:5      | XOM: give mutation
  4779 | D:5      | Gained mutation: Your muscles are strong. (Str +4, Int/Dex
                  | -1) [Xom's grace]
  4804 | D:5      | Reached skill level 6 in Fighting
  5154 | D:5      | Found a glowing silver altar of Zin.
  5429 | D:6      | Found a blossoming altar of Fedhas.
  5471 | D:6      | Found a sand-covered staircase.
  5480 | Ossuary  | Entered an ossuary
  5671 | Ossuary  | XOM: give mutations
  5671 | Ossuary  | Gained mutation: You occasionally lose the ability to drink
                  | potions when taking damage. [Xom's mischief]
  5671 | Ossuary  | Gained mutation: Your spells are a little harder to cast,
                  | but a little more powerful. [Xom's mischief]
  6103 | D:6      | XOM: cloud trail
  6208 | D:6      | XOM: give mutations
  6208 | D:6      | Gained mutation: You are vulnerable to heat. (rF-) [Xom's
                  | mischief]
  6208 | D:6      | Lost mutation: You occasionally lose the ability to drink
                  | potions when taking damage. [Xom's mischief]
  6208 | D:6      | Gained mutation: You possess an exceptional clarity of
                  | mind. [Xom's mischief]
  6208 | D:6      | Gained mutation: You are robust. (+10% HP) [Xom's mischief]
  6247 | D:7      | Found a glowing golden altar of the Shining One.
  6294 | D:7      | Reached skill level 7 in Fighting
  6327 | D:7      | Reached XP level 10. HP: 86/86 MP: 10/10
  6382 | D:7      | Found a staircase to the Ecumenical Temple.
  6391 | D:7      | Identified the +3 spear of Soyx {flame, rF+ Str+3 Int-3
                  | Dex+3}
  6788 | D:7      | Reached skill level 12 in Long Blades
  7020 | D:7      | Found Deesch's Weapon Boutique.
  7310 | D:8      | Found a sparkling altar of Nemelex Xobeh.
  7334 | D:8      | Reached skill level 6 in Dodging
  8047 | D:9      | Found a staircase to the Lair.
  8049 | D:9      | Found a staircase to the Orcish Mines.
  8105 | D:9      | Reached skill level 8 in Fighting
  8161 | D:9      | Found a roughly hewn altar of Beogh.
  8199 | D:9      | Reached XP level 11. HP: 94/94 MP: 11/11
  8551 | D:9      | Noticed an obsidian statue
  8795 | D:10     | Entered Level 10 of the Dungeon
  8919 | D:10     | Found a runed translucent gate.
  8920 | D:10     | Found a runed translucent gate.
  8920 | D:10     | Noticed a manticore
  8921 | D:10     | Found a runed translucent gate.
  8921 | D:10     | Noticed a death yak
  8921 | D:10     | Noticed a manticore
  9064 | D:10     | Found a snail-covered altar of Cheibriados.
  9219 | D:10     | XOM: noise
  9526 | D:10     | I do have clarity hm
  9625 | D:11     | Reached skill level 9 in Fighting
  9709 | D:11     | Noticed a two-headed ogre
  9709 | D:11     | XOM: 4-stop teleportation journey
  9714 | D:11     | Killed a two-headed ogre
  9758 | D:11     | Noticed a cyclops
  9773 | D:11     | Killed a cyclops
  9779 | D:11     | XOM: torment (49/97 hp)
  9905 | D:11     | Noticed a two-headed ogre
  9913 | D:11     | Killed a two-headed ogre
  9931 | D:11     | Noticed a green ugly thing
  9941 | D:11     | Killed a green ugly thing
  9942 | D:11     | Reached skill level 10 in Fighting
  9942 | D:11     | Noticed a skeletal warrior
  9948 | D:11     | XOM: noise
 10017 | D:10     | Reached XP level 12. HP: 87/106 MP: 12/12
 10047 | D:9      | Reached skill level 3 in Armour
 10187 | D:10     | Killed a death yak
 10233 | D:10     | Identified the +0 ring mail of the Raven {Int+6}
 10715 | D:10     | Found a snail-covered altar of Cheibriados.
 10926 | D:4      | Killed TheLasagnaBaron's ghost
 10983 | D:3      | Killed Crazy Yiuf
 11361 | D:11     | XOM: cloud trail
 11451 | D:11     | lol
 11485 | D:11     | Reached skill level 9 in Dodging
 11498 | D:11     | Reached skill level 11 in Fighting
 11660 | D:12     | Noticed Kirke
 11661 | D:12     | meh
 11744 | D:9      | Bought a scroll of blinking for 120 gold pieces
 11746 | D:9      | Bought a scroll of identify for 34 gold pieces
 11746 | D:9      | Bought a scroll of identify for 34 gold pieces
 11834 | D:9      | well
 11885 | Lair:1   | Entered Level 1 of the Lair of Beasts
 12170 | Lair:1   | XOM: stat loss: -1 Str (13/14)
 12218 | Lair:1   | XOM: give mutations
 12218 | Lair:1   | Lost mutation: You possess an exceptional clarity of mind.
                  | [Xom's mischief]
 12218 | Lair:1   | Gained mutation: Your system is resistant to poisons.
                  | (rPois) [Xom's mischief]
 12218 | Lair:1   | Lost mutation: Your system is resistant to poisons. (rPois)
                  | [Xom's mischief]
 12280 | Lair:1   | Gained mutation: Your flesh is cold resistant. (rC+)
                  | [Coglin growth]
 12280 | Lair:1   | Lost mutation: You are vulnerable to heat. (rF-) [Coglin
                  | growth]
 12280 | Lair:1   | Gained mutation: Your flesh is heat resistant. (rF+)
                  | [Coglin growth]
 12280 | Lair:1   | Reached XP level 13. HP: 117/117 MP: 13/13
 12291 | Lair:1   | Reached skill level 12 in Fighting
 12352 | Lair:1   | Identified the +2 leather armour "Juamm" {rN+}
 12376 | Lair:1   | XOM: stat loss: -2 Int (16/18)
 12691 | Lair:2   | hmmm
 12896 | Lair:2   | ow
 12899 | Lair:2   | what
 13697 | Lair:3   | sigh
 13720 | Lair:3   | Reached skill level 13 in Fighting
 13770 | Lair:3   | XOM: noise
 13797 | Lair:2   | why
 13854 | Lair:2   | Reached skill level 3 in Evocations
 13952 | Lair:3   | Reached skill level 6 in Evocations
 13980 | Lair:3   | Found a staircase to the Swamp.
 14108 | Lair:3   | XOM: enchant monster (bad)
 14109 | Lair:3   | Reached skill level 9 in Evocations
 14132 | Lair:3   | Reached XP level 14. HP: 129/129 MP: 14/14
 14148 | Lair:3   | XOM: give mutations
 14148 | Lair:3   | Gained mutation: You are very robust. (+20% HP) [Xom's
                  | mischief]
 14148 | Lair:3   | Lost mutation: You are very robust. (+20% HP) [Xom's
                  | mischief]
 14148 | Lair:3   | Gained mutation: You are somewhat resistant to further
                  | mutation. [Xom's mischief]
 14376 | Lair:3   | Reached skill level 12 in Evocations
 14425 | Lair:3   | XOM: summons 3 hostile demons
 14662 | Lair:3   | Found a hole to the Spider Nest.
 15063 | Lair:4   | XOM: cloud trail
 15200 | Lair:4   | Found a viscous altar of Jiyva.
 15211 | Lair:4   | Found a staircase to the Slime Pits.
 15296 | Lair:4   | XOM: summons 1 hostile shadow creature
 15296 | Lair:4   | Was forgiven by Xom
 15605 | Lair:5   | Entered Level 5 of the Lair of Beasts
 15956 | D:9      | Identified the +8 flail of the Ancient Lovers {heavy, Fly
                  | rPois Stlth+}
 16350 | Lair:5   | Reached skill level 12 in Dodging
 16386 | Lair:5   | Found a sparkling altar of Nemelex Xobeh.
 16418 | Lair:5   | Reached skill level 14 in Fighting
 16834 | Lair:5   | Reached XP level 15. HP: 139/139 MP: 15/15
 17714 | D:12     | Reached skill level 15 in Fighting
 17736 | D:12     | Killed Kirke
 18943 | Orc:1    | Entered Level 1 of the Orcish Mines
 18981 | Orc:1    | Noticed Snorg
 19006 | D:9      | Killed Snorg
 19265 | Orc:2    | Entered Level 2 of the Orcish Mines
 19265 | Orc:2    | Noticed Maurice
 19266 | Orc:2    | Found a frozen archway.
 19267 | Orc:2    | Maurice changed into Maurice the acid dragon
 19267 | Orc:2    | Noticed Maurice
 19272 | Orc:2    | Killed Maurice the acid dragon
 19278 | Orc:2    | Noticed Urug
 19297 | Orc:1    | Killed Urug
 19373 | IceCv    | Entered an ice cave
 19624 | IceCv    | Found an ancient bone altar of Kikubaaqudgha.
 19982 | IceCv    | Got the Reference Book on Deathly Frost
 20094 | Orc:2    | Found a staircase to the Elven Halls.
 20234 | Orc:2    | Reached skill level 16 in Fighting
 20754 | Orc:2    | Paralysed by an orc sorcerer for 3 turns
 20936 | Orc:2    | Found Dymavo's Jewellery Shoppe.
 20936 | Orc:2    | Found Zustruah's Weapon Boutique.
 20938 | Orc:2    | Found Neenk's Book Boutique.
 20938 | Orc:2    | Found Necvoux's Magic Scroll Shoppe.
 20948 | Orc:2    | Bought a scroll of acquirement for 728 gold pieces
 20951 | Orc:2    | Acquired a +0 vampiric demon blade
 21037 | D:9      | Bought 3 scrolls of enchant weapon for 382 gold pieces
 21326 | D:13     | Noticed Jorgrun
 21335 | D:13     | Killed Jorgrun
 21431 | D:13     | Noticed Nessos
 21433 | D:13     | Reached XP level 16. HP: 140/152 MP: 16/16
 21454 | D:13     | Killed Nessos
 21567 | D:13     | Found an iron altar of Okawaru.
 21671 | D:13     | Noticed Josephine
 21691 | D:13     | Killed Josephine
 21692 | D:13     | Reached skill level 15 in Dodging
 22304 | D:14     | Reached skill level 17 in Fighting
 22422 | D:14     | Found a gate to the Vaults.
 22837 | D:15     | Entered Level 15 of the Dungeon
 22875 | D:15     | what
 22918 | D:15     | Found a gate leading to a gauntlet.
 22935 | Gauntlet | Entered a Gauntlet
 22935 | Gauntlet | Found a transporter.
 22944 | Gauntlet | Found a transporter.
 22960 | Gauntlet | Found a transporter.
 22966 | Gauntlet | Found a transporter.
 22991 | Gauntlet | Found a transporter.
 23000 | Gauntlet | Found a transporter.
 23012 | Gauntlet | Found a transporter.
 23024 | Gauntlet | Found a transporter.
 23036 | Gauntlet | Found a transporter.
 23048 | Gauntlet | Found a transporter.
 23065 | Gauntlet | Found a transporter.
 23082 | Gauntlet | Found a transporter.
 23084 | Gauntlet | Found a transporter.
 23115 | Gauntlet | Found a transporter.
 23116 | Gauntlet | Found a transporter.
 23124 | Gauntlet | Found a transporter.
 23125 | Gauntlet | Found a transporter.
 23132 | Gauntlet | Found a transporter.
 23244 | Gauntlet | Identified the +1 helmet "Vuelain" {+Blink rN+++ Will-}
 23441 | D:15     | Found a blossoming altar of Fedhas.
 23682 | D:15     | Found a staircase to the Depths.
 23892 | D:15     | Reached skill level 18 in Fighting
 24004 | D:15     | Bought a potion of enlightenment for 160 gold pieces
 24004 | D:15     | Bought a pair of embroidered gloves for 240 gold pieces
 24232 | Spider:1 | Entered Level 1 of the Spider Nest
 24398 | Spider:1 | Noticed Rupert
 24407 | Spider:1 | Killed Rupert
 24408 | Spider:1 | Reached XP level 17. HP: 149/163 MP: 17/17
 24429 | Spider:1 | Noticed Azrael
 24443 | Spider:1 | Killed Azrael
 24475 | Spider:1 | Noticed Asterion
 24481 | Spider:1 | Killed Asterion
 24482 | Spider:1 | Reached skill level 6 in Armour
 24602 | Spider:1 | Bought a runed demon blade for 486 gold pieces
 24880 | Spider:1 | Found a hide-covered altar of Uskayaw.
 24957 | Spider:2 | Noticed Arachne
 24969 | Spider:2 | Killed Arachne
 25059 | Spider:2 | Noticed Nikola
 25068 | Spider:2 | HP: 23/163 [disintegration (49)]
 25262 | Spider:2 | Killed Nikola
 26646 | Spider:4 | Entered Level 4 of the Spider Nest
 26697 | Spider:4 | Identified the +1 robe "Coiqorph" {Harm rC- Int+2}
 26759 | Spider:4 | Reached skill level 19 in Fighting
 26810 | Spider:4 | Noticed Mara
 26813 | Spider:4 | hm
 26828 | Spider:4 | Noticed elliptic's illusion
 26828 | Spider:4 | Killed Mara
 26890 | Spider:4 | Reached XP level 18. HP: 176/176 MP: 18/18
 26985 | Spider:4 | Noticed Bai Suzhen
 27002 | Spider:4 | Killed Bai Suzhen
 27209 | Spider:4 | Noticed Donald
 27229 | Spider:4 | Killed Donald
 27410 | Spider:4 | oops
 27696 | Spider:4 | Got a gossamer rune of Zot
 27905 | Swamp:1  | Entered Level 1 of the Swamp
 27925 | Swamp:1  | Noticed a tentacled monstrosity
 27934 | Swamp:1  | Killed a tentacled monstrosity
 27973 | Swamp:1  | Reached skill level 18 in Dodging
 28043 | Swamp:1  | Reached skill level 20 in Fighting
 28215 | Swamp:1  | Noticed Rualuul's ghost (adept MfBe)
 28239 | Swamp:1  | Found a runed translucent door.
 28492 | Swamp:1  | Killed Rualuul's ghost
 28594 | Swamp:2  | Identified the +7 dire flail of Calculation {freeze, rF++
                  | rN+ Str-5 Dex+2}
 29442 | Swamp:3  | Reached XP level 19. HP: 187/187 MP: 19/19
 29655 | Swamp:3  | Learned a level 2 spell: Blink
 29779 | Swamp:4  | Entered Level 4 of the Swamp
 30399 | Swamp:4  | Reached skill level 21 in Fighting
 30438 | Swamp:4  | Got a decaying rune of Zot
 30833 | Elf:1    | Entered Level 1 of the Elven Halls
 31074 | Elf:1    | Paralysed by an air elemental for 1 turns
 31764 | Elf:1    | Got the Vellum of Force
 31930 | Elf:2    | Paralysed by an air elemental for 1 turns
 31935 | Elf:2    | Paralysed by an air elemental for 1 turns
 32045 | Elf:2    | Found a runed translucent gate.
 32045 | Elf:2    | Found a runed translucent gate.
 32045 | Elf:2    | Found a runed translucent gate.
 32120 | Elf:2    | Found a shimmering blue altar of Sif Muna.
 32222 | Elf:2    | Paralysed by an air elemental for 1 turns
 32568 | Elf:2    | Reached XP level 20. HP: 194/200 MP: 20/20
 32577 | Elf:2    | Reached skill level 22 in Fighting
 32858 | Elf:2    | Noticed Louise
 32877 | Elf:2    | Killed Louise
 33243 | Elf:3    | Entered Level 3 of the Elven Halls
 34104 | Vaults:1 | Entered Level 1 of the Vaults
 34220 | Vaults:1 | Noticed a dread lich
 34230 | Vaults:1 | Killed a dread lich
 34466 | Vaults:1 | Paralysed by a formless jellyfish for 1 turns
 35369 | Vaults:2 | Reached skill level 23 in Fighting
 35410 | Vaults:2 | Reached skill level 21 in Dodging
 35489 | Vaults:2 | Paralysed by a sphinx for 5 turns
 35579 | Vaults:2 | Reached XP level 21. HP: 211/211 MP: 21/21
 35582 | Vaults:2 | Noticed a golden dragon
 35584 | Vaults:2 | Killed a golden dragon
 36608 | Vaults:3 | Found a crumbling gateway.
 36617 | Desolati | Entered the Desolation of Salt
 36642 | Desolati | Reached skill level 24 in Fighting
 36930 | Desolati | Identified the +5 spear of the Ring {elec, rN+}
 37173 | Desolati | Reached XP level 22. HP: 224/224 MP: 22/22
 37329 | Desolati | Found the +5 robe of Night {Dark Will+ SInv}
 37330 | Desolati | Found the +3 pair of mountain boots {steadfast, rC+}
 37332 | Desolati | Got the Catalogue of Snow
 37347 | Desolati | Identified the +12 plate armour of the Dwarven Hall {Fly
                  | rPois rC+}
 37418 | Desolati | Identified the +1 scale mail "Ral Epiu" {*Slow Will+++
                  | rCorr Dex+4}
 37423 | Desolati | Got Nosaoviq's Omnibus of Xanthosis
 37592 | Desolati | Identified the granite talisman "Unoxuale" {Int+2}
 37964 | Vaults:3 | Reached skill level 9 in Armour
 38314 | Vaults:3 | Found a staircase to the Crypt.
 39113 | Vaults:4 | Found Cuafuf's Book Emporium.
 39137 | Vaults:4 | Found Miape's Book Emporium.
 39221 | Vaults:4 | Found Nubbudgh's Antique Armour Boutique.
 39232 | Vaults:4 | Bought a translucent ring mail for 234 gold pieces
 39232 | Vaults:4 | Identified the +3 ring mail "Loumipebb" {rCorr Stlth+} (You
                  | bought it in a shop on level 4 of the Vaults)
 39233 | Vaults:4 | Bought an ancient chain mail for 247 gold pieces
 39233 | Vaults:4 | Identified the +0 chain mail of Modesty {^Drain MP+9 Int+8
                  | Dex-5} (You bought it in a shop on level 4 of the Vaults)
 39341 | Vaults:4 | Reached skill level 25 in Fighting
 39805 | Vaults:4 | Found Rethreud's Assorted Antiques.
 40043 | Vaults:4 | Identified the +6 halberd of Noehek {flame, rN+ Will+}
 40253 | Crypt:1  | Entered Level 1 of the Crypt
 40320 | Crypt:1  | Identified the +2 robe of the Eternal Void {Int+3 Dex+3
                  | Archmagi}
 40548 | Crypt:1  | Noticed Zenata
 40562 | Crypt:1  | Killed Zenata
 41003 | Crypt:2  | Reached XP level 23. HP: 224/236 MP: 23/23
 41205 | Crypt:2  | Reached skill level 26 in Fighting
 41226 | Crypt:2  | Noticed Saint Roka
 41266 | Crypt:2  | Noticed Sojobo
 41284 | Crypt:1  | Killed Sojobo
 41468 | Crypt:2  | Found an ancient bone altar of Kikubaaqudgha.
 41703 | Crypt:2  | Killed Saint Roka
 41848 | Crypt:1  | Found an ancient bone altar of Kikubaaqudgha.
 42093 | Crypt:3  | Entered Level 3 of the Crypt
 42436 | Crypt:3  | Found a basalt altar of Yredelemnul.
 42457 | Crypt:3  | Reached skill level 27 in Fighting
 42777 | Crypt:3  | Acquired a manual of Long Blades
 42846 | Crypt:3  | Reached skill level 12 in Armour
 43042 | Crypt:3  | Found the +9 sword of Zonguldrok {reap}
 43235 | Crypt:3  | Identified the ring "Bairude" {Fly EV+5 Str+6 Slay+3}
 43358 | Crypt:3  | Found a staircase to the Tomb.
 43358 | Crypt:3  | Noticed a dread lich
 43358 | Crypt:3  | Paralysed by a dread lich for 5 turns
 43368 | Crypt:3  | Killed a dread lich
 43389 | Crypt:3  | Identified the staff "Trog's Hatred" {rElec rPois rCorr
                  | Summ Alchemy}
 43414 | Crypt:3  | Identified the +8 long sword of Kismet {freeze, ^Drain MP-9
                  | Int+7 Dex+3 Stlth+}
 43816 | Depths:1 | Entered Level 1 of the Depths
 43863 | Depths:1 | Noticed the Enchantress
 43872 | D:15     | Reached XP level 24. HP: 225/236 MP: 23/23
 43893 | D:15     | Killed the Enchantress
 43995 | Depths:1 | Found a magical portal.
 44000 | WizLab   | Entered Alistair's Party Mansion
 44259 | WizLab   | Acquired 680 gold pieces
 44262 | WizLab   | Got Buunnu's Tome of the Magnum Opus
 44408 | WizLab   | Reached skill level 15 in Armour
 44675 | Depths:1 | Found a one-way gate to the infinite horrors of the Abyss.
 44871 | Depths:1 | Found a gateway to Hell.
 45225 | Depths:2 | Found a one-way gate leading to the halls of Pandemonium.
 45803 | Depths:2 | Acquired 1025 gold pieces
 46063 | Depths:2 | why
 46063 | Depths:2 | meh
 46128 | Depths:2 | meh
 46136 | Depths:2 | Noticed a royal mummy
 46451 | Depths:2 | Identified the +6 spear "Naneinez" {spect, Int+3}
 46468 | Depths:2 | Killed a royal mummy
 46641 | Depths:3 | Found a one-way gateway to a ziggurat.
 46650 | Depths:3 | Noticed Xtahua
 46672 | Depths:3 | Noticed Jory
 46677 | Depths:3 | Killed Xtahua
 46678 | Depths:3 | Reached skill level 18 in Armour
 46678 | Depths:3 | Reached XP level 25. HP: 182/235 MP: 23/23
 46709 | Depths:3 | Killed Jory
 47023 | Depths:3 | Noticed Grunn
 47024 | Depths:3 | oh
 47082 | Depths:3 | Killed Grunn
 47212 | Depths:3 | Found Gozag's Antique Armour Boutique.
 47220 | Depths:3 | Found an opulent altar of Gozag.
 47225 | Depths:3 | Found Gozag's Antique Armour Shop.
 47228 | Depths:3 | Found Gozag's Assorted Antiques.
 47601 | Depths:4 | Entered Level 4 of the Depths
 47977 | Depths:4 | Found Ynluxah's Assorted Antiques.
 48704 | Depths:4 | Reached skill level 21 in Armour
 48764 | Depths:4 | Found a gate to the Realm of Zot.
 49140 | Vaults:5 | Entered Level 5 of the Vaults
 49217 | Vaults:5 | Reached XP level 26. HP: 263/266 MP: 23/23
 49669 | Vaults:5 | Noticed Margery
 49672 | Vaults:5 | Reached skill level 15 in Long Blades
 49685 | Vaults:5 | Killed Margery
 49740 | Vaults:5 | Found the +7 great mace "Firestarter" {flame, immolate,
                  | rFlCloud rF++}
 49769 | Vaults:5 | Got Gefigitz's Folio of Geological Rime
 49965 | Vaults:5 | Reached skill level 18 in Long Blades
 50095 | Vaults:5 | Identified the +5 chain mail "Miprall" {-Cast rElec Dex+3}
 50172 | Vaults:5 | Identified the ring of the Villain {Wiz rElec rF+ rC+}
 50596 | Vaults:5 | Got a silver rune of Zot
 50674 | Vaults:5 | Got Itiof's Book of the Dimensional Mortuary
 50765 | Abyss:3  | Found a corrupted altar of Lugonu.
 50765 | Abyss:3  | Cast into level 3 of the Abyss (vault warden)
 50767 | Abyss:3  | why
 50911 | Vaults:5 | Escaped the Abyss
 51005 | Vaults:5 | Noticed an ancient lich
 51011 | Vaults:5 | Killed an ancient lich
 51302 | D:15     | Bought a potion of curing for 96 gold pieces
 51459 | D:9      | Bought a scroll of fear for 68 gold pieces
 51746 | Vaults:4 | Bought a potion of resistance for 470 gold pieces
 51746 | Vaults:4 | Bought a potion of mutation for 376 gold pieces
 52010 | Depths:3 | Bought a pair of runed gloves for 750 gold pieces
 52078 | Depths:4 | Bought a scroll of fog for 180 gold pieces
 52167 | Zot:1    | Entered Level 1 of the Realm of Zot
 52216 | Zot:3    | hi
 52226 | Zot:3    | Reached skill level 21 in Long Blades
 52328 | Zot:4    | Noticed an orb of fire
 52335 | Zot:5    | Entered Level 5 of the Realm of Zot
 52389 | Zot:5    | Noticed a Killer Klown
 52390 | Zot:5    | Noticed an orb of fire
 52390 | Zot:5    | Noticed an electric golem
 52391 | Zot:5    | Noticed a Killer Klown
 52392 | Zot:5    | Noticed an orb of fire
 52402 | Zot:5    | ...
 52425 | Zot:5    | Got the Orb of Zot
 52427 | Zot:5    | Noticed an orb of fire
 52427 | Zot:5    | Noticed a Killer Klown
 52427 | Zot:5    | Noticed an orb of fire
 52427 | Zot:5    | Noticed a Killer Klown
 52427 | Zot:5    | Noticed an electric golem
 52428 | Zot:5    | Noticed an orb of fire
 52429 | Zot:5    | Killed an electric golem
 52439 | Zot:5    | Reached XP level 27. HP: 273/273 MP: 13/23
 52446 | Zot:5    | Killed an electric golem
 52474 | Zot:3    | Noticed Qippitha the pandemonium lord
 52631 | Depths:1 | Noticed Imikly the pandemonium lord
 53081 | D:$      | Escaped with the Orb!

Levels and vault maps discovered:
D:1:      lightli_arrival_lavapool, layout_basic
D:2:      layout_basic, basic_altar, minmay_snake_closets
D:3:      lemuel_castle_with_subvaults [lemuel_castle_interior_carwin_2],
          layout_basic, grunt_temple_overflow_open, serial_shops, shop,
          nicolae_ecumenical_pavilion, uniq_natasha, uniq_robin,
          uniq_crazy_yiuf_cottage, uniq_jessica, uniq_grinder
D:4:      layout_rooms, mainiacjoe_overflow_alcove_4, gammafunk_ghost_grave,
          nicolae_wormholes, uniq_pikel
D:5:      layout_basic, mainiacjoe_overflow_24_doors,
          nicolae_overflow_guarded_unrand_okawaru_victory
D:6:      layout_loops_ring, general_overflow_altar,
          nicolae_ossuary_entry_monument, hangedman_abyss_or_decor_stabs,
          skrybe_limestone_x
D:7:      layout_basic, mainiacjoe_overflow_chevrons,
          minmay_temple_entry_mini_moons, nicolae_stop_n_shop_2,
          minmay_manual_macuahuitl
D:8:      layout_rooms, lemuel_crystal_altar
D:9:      layout_stronghold, lair_entry_dummy, minmay_orc_entry_temple_small,
          wad_floor_pattern_1, minivault_15
D:10:     lemuel_bear_cage, layout_basic, cheibriados_altar_1
D:11:     layout_long_grid
D:12:     nicolae_BIG_FREAKIN_CUBE, layout_layer_cave, uniq_kirke
D:13:     evilmike_iron_armoury, layout_loops_ring, uniq_josephine, uniq_nessos,
          uniq_jorgrun
D:14:     layout_loops_ring, david_vaults_4
D:15:     hangedman_depths_entry_civil_slaughter, layout_basic, fedhas_altar_3,
          gauntlet_entry_generic, nicolae_looking_at_the_future
Lair:1:   layout_long_grid, st_stairs_10
Lair:2:   layout_roguey, minivault_23, minmay_shattered_shrine
Lair:3:   layout_misc_corridors, mainiacjoe_swamp_entry_angry_trees,
          spider_nest_entry_funnel_web, nicolae_quartered_pool_super,
          hangedman_lair_unloving_vines, st_stairs_8, lemuel_fruit_fields
Lair:4:   layout_cave_pods, minmay_slime_entry_eyes, infiniplex_staircase_pool_2
Lair:5:   hangedman_lair_tendril_chambers, layout_gridlike,
          guppyfry_lair_end_dragon, basic_altar, patterned_corridor
Swamp:1:  layout_basic_swamp, hellmonk_ghost_happy_afterlife,
          evilmike_swamp_ruin_house_6
Swamp:2:  layout_falls_marsh, nicolae_swamp_trees_clearing
Swamp:3:  layout_falls_marsh, serial_swamp_ruin, evilmike_swamp_ruin_house_1,
          hangedman_swamp_ruin_wall, lightli_tree_ring,
          nicolae_swamp_decorative_isthmus
Swamp:4:  swamp_icy, layout_basic_swamp, swamp_pool_1_2
Spider:1: layout_spider_delve, nicolae_spider_altar_of_dancing, uniq_rupert,
          uniq_azrael, uniq_asterion
Spider:2: layout_spider_delve, nicolae_orb_stairs, uniq_arachne, uniq_nikola
Spider:3: layout_spider_delve
Spider:4: guppyfry_spider_rune, uniq_donald, uniq_mara, uniq_bai_suzhen
Orc:1:    layout_diamond_mine, uniq_snorg
Orc:2:    grunt_orc_tribal_feast, layout_caves, portal_ice_cave_entry_pillars_1,
          uniq_urug, uniq_maurice
Elf:1:    layout_geoelf_grid, minmay_elf_sorcery, drop_trap, minmay_crystal_room
Elf:2:    elven_hall_of_blades_hangedman_original [nicolae_blade_lattice],
          layout_geoelf_grid, special_room [special_room_mythical_zoo],
          basic_altar, minivault_25_ag, uniq_louise
Elf:3:    minmay_elf_hall, layout_geoelf_castle, st_stairs_2
Vaults:1: nicolae_vaults_tetromino_T_2, nicolae_vaults_network_square,
          hangedman_vaults_stretched_pinwheel, nicolae_vaults_display_case,
          vaults_mumra_hex, v_pattern_3, nicolae_vaults_asterisk,
          hangedman_vaults_maws, nicolae_vaults_little_squares_3,
          nicolae_vaults_storage_room_glass, nicolae_vaults_network_periphery,
          nicolae_vaults_house_1, vaults_dpeg_emergency_exit,
          nicolae_vaults_little_squares_2, layout_vaults_omnicross
Vaults:2: nicolae_vaults_trapezoid_layered, hangedman_vaults_locks,
          nicolae_vaults_little_ls, dpeg_vaults_pockets_of_resistance,
          nicolae_vaults_circle_grid_a, v_misc_22, nicolae_vaults_tetromino_T_1,
          nicolae_vaults_tangram_2, nicolae_vaults_tetromino_T_1,
          nicolae_vaults_cochlea, nicolae_vaults_closet_pinwheel_2,
          nicolae_vaults_double_plus_1, nicolae_vaults_apartment_1,
          hangedman_vaults_stretched_pinwheel, ontoclasm_vaults_decontamination,
          vaults_room_octagon, v_alt_pattern_2,
          nicolae_vaults_storage_closets_1, v_misc_27, layout_vaults_maze
Vaults:3: portal_desolation_entry_ruin, minmay_crypt_entry_simple_walls,
          nicolae_vaults_fighting_squares, hangedman_vaults_capsules,
          vaults_mumra_hexcomb, vaults_dpeg_ring, ontoclasm_vaults_chip,
          layout_vaults_omnigrid
Vaults:4: nicolae_vaults_gold_heap, nicolae_vaults_frosty_reception, v_misc_13,
          nicolae_vaults_little_squares_6, nicolae_vaults_two_Ls, v_misc_12,
          nicolae_vaults_heart-shaped_vault, nicolae_vaults_sealed_display,
          ontoclasm_vaults_loading_screen, v_misc_27,
          nicolae_vaults_closet_pinwheel_4, hangedman_vaults_impose, v_misc_19,
          layout_vaults_big_room, serial_shops, nicolae_shop_tiny_waterfront,
          nicolae_shop_mannequins, shop, shop
Vaults:5: uniq_margery
Crypt:1:  layout_regular_city, lemuel_upstairs_altar, uniq_zenata,
          uniq_josephina
Crypt:2:  layout_regular_city, minivault_26, roadster_capsule_ark_zombie,
          uniq_saint_roka, uniq_sojobo
Crypt:3:  grunt_crypt_end_deaths_head
Depths:1: layout_cave_pools, nicolae_tricolors, abyss_entry, mu_enter_wizlab_1,
          grunt_mini_vestibule, amcnicky_mini_pool_medium, uniq_enchantress
Depths:2: lemuel_minitomb, layout_basic, pan_entry, hellmouth_1, chequers_jeans,
          infiniplex_staircase_zigzag_1, grunt_megastairs_2
Depths:3: kennysheep_gozag_temple, layout_gridville, enter_ziggurat_c,
          abyss_entry, rand_demon_pan_entry_7, chequers_serial_rivers_marsh,
          grunt_hell_entry_dis_mu, uniq_xtahua, uniq_jory, uniq_grunn
Depths:4: grunt_bruiser_brothers, layout_cave_pools, hell_entry, serial_shops,
          nicolae_shop_tiny_glass, nicolae_abyss_entry_one_way_or_another
Zot:1:    layout_basic
Zot:2:    layout_gridlike
Zot:3:    layout_cathedral_of_symmetry, gammafunk_ghost_berserking_beasts,
          regret_index_zotdec_misc_clamp, uniq_parghit
Zot:4:    gammafunk_the_bubble [the_bubble_gammafunk_roulette], layout_gridlike
Zot:5:    layout_misc_corridors

Action                     |  1- 3 |  4- 6 |  7- 9 | 10-12 | 13-15 | 16-18 | 19-21 | 22-24 | 25-27 || total
---------------------------+-------+-------+-------+-------+-------+-------+-------+-------+-------++-------
  Melee: Falchion          |    91 |   141 |   325 |   367 |   229 |       |       |       |       ||  1153
         Dagger            |    18 |       |       |       |       |       |       |       |       ||    18
         Short sword       |    17 |       |       |       |       |       |       |       |       ||    17
         Long sword        |       |     6 |   337 |   276 |       |       |       |       |       ||   619
         Scimitar          |       |       |       |    81 |   994 |   279 |       |       |       ||  1354
         Demon blade       |       |       |       |       |    15 |  1381 |  2140 |  2745 |  2139 ||  8420
  Throw: Dart              |       |       |       |     7 |     3 |     2 |       |     3 |       ||    15
 Invoke: Call Merchant     |       |       |       |     2 |       |     2 |       |       |       ||     4
         Potion Petition   |       |       |       |       |       |     2 |       |     3 |     4 ||     9
         Bribe Branch      |       |       |       |       |       |       |       |       |     6 ||     6
  Evoke: Wand              |       |       |       |     3 |    50 |    12 |     4 |     2 |     3 ||    74
         Phial of floods   |       |       |       |       |     2 |       |       |       |       ||     2
         Lightning rod     |       |       |       |       |       |     6 |       |       |     3 ||     9
         Phantom mirror    |       |       |       |       |       |       |     1 |       |       ||     1
    Use: Scroll            |     7 |     3 |     5 |     9 |    13 |     3 |     6 |     7 |    20 ||    73
         Potion            |       |     1 |       |     2 |     1 |     1 |     1 |     2 |    26 ||    34
   Stab: Sleeping          |     1 |     2 |     5 |     1 |     3 |     1 |     7 |     6 |       ||    26
         Invisible         |       |     3 |       |       |       |       |       |       |     4 ||     7
         Paralysed         |       |       |     3 |     4 |    16 |       |       |       |       ||    23
         Confused          |       |       |     4 |     5 |     8 |       |       |     1 |       ||    18
         Distracted        |       |       |     2 |     3 |    11 |    16 |    11 |    15 |     6 ||    64
         Held in net/web   |       |       |       |     1 |     2 |       |       |       |       ||     3
         Petrifying        |       |       |       |       |     4 |       |       |       |       ||     4
 Armour: Leather armour    |    27 |    41 |    84 |       |       |       |       |       |       ||   152
         Robe              |       |       |    48 |   141 |   351 |   440 |   502 |   556 |       ||  2038
         Skin              |       |       |       |       |       |       |       |     1 |       ||     1
         Plate armour      |       |       |       |       |       |       |       |    78 |   839 ||   917
  Dodge: Dodged            |    27 |    42 |   156 |   167 |   506 |   658 |   918 |  1214 |   659 ||  4347
  Block: Other             |     3 |    15 |    55 |    46 |   112 |   137 |   140 |   210 |   159 ||   877
         Reflection        |       |       |     1 |     2 |     2 |    13 |     6 |    11 |     9 ||    44
